 Dungeon Crawl Stone Soup version 0.27-a0-1200-g94dc6ad4cf (webtiles) character file.

Game seed: 2312780163155437084

946 4Hooves2Appendages the Bolt Thrower (level 8, -11/56 HPs)
             Began as a Djinni Arcane Marksman on June 1, 2021.
             Was an Elder of Lugonu.
             Mangled by an acid dragon (12 damage)
             ... on level 5 of the Dungeon.
             The game lasted 01:00:57 (8833 turns).

4Hooves2Appendages the Bolt Thrower (DjAM)          Turns: 8833, Time: 01:00:57

Health: -11/56     AC:  4    Str:  9    XL:     8   Next: 35%
Gold:   59         EV: 11    Int: 17    God:    Lugonu [****..] SH:  4 Dex: 14

rFire    + + +     SeeInvis .   b - +1 trident (vamp)
rCold    x . .     Faith    .   F - +0 buckler
rNeg     . . .     Spirit   .   y - +0 leather armour
rPois    ∞         Reflect  .   (no helmet)
rElec    .         Harm     .   f - +0 cloak
rCorr    .         Rampage  .   (no gloves)
Will     .....                  (boots unavailable)
Stlth    +.........             (no amulet)
HPRegen  0.18/turn              t - ring of wizardry
MPRegen  0.00/turn              C - ring of protection from fire

@: flying, very slightly contaminated, slowed, very slow
A: sickness immunity, fire resistance 2, cold vulnerability 1, float, innate
caster, hp casting, extra vitality 1
a: Renounce Religion, Depart the Abyss, Bend Space, Banish, Corrupt


You were on level 5 of the Dungeon.
You worshipped Lugonu.
Lugonu was greatly pleased with you.
You visited 1 branch of the dungeon, and saw 6 of its levels.

You collected 179 gold pieces.
You spent 120 gold pieces at shops.

Inventory:

Hand Weapons
 a - a +0 hand crossbow
 b - a +1 vampiric trident (weapon)
 w - a +0 whip
 A - a +0 spear
 E - a +0 long sword
Missiles
 c - 5 atropa-tipped darts
 d - 8 bolts
 i - 127 stones (quivered)
 l - 58 arrows
 p - 5 poisoned darts
 D - 2 javelins
Armour
 e - a +0 robe
 f - a +0 cloak (worn)
 q - a +0 scale mail
 r - a +0 ring mail
 y - a +0 leather armour (worn)
 F - a +0 buckler (worn)
Jewellery
 t - a ring of wizardry (left hand)
 C - a ring of protection from fire (right hand)
Wands
 h - a wand of iceblast (12)
Scrolls
 j - 2 scrolls of enchant weapon {unknown}
 k - a scroll of immolation {unknown}
 m - a scroll of fear {unknown}
 n - 3 scrolls of teleportation
 o - 4 scrolls of identify {unknown}
 s - a scroll of noise {unknown}
 v - a scroll of torment {unknown}
 x - 3 scrolls of fog
 B - a scroll of vulnerability {unknown}
 G - a scroll of amnesia {unknown}
Potions
 g - a potion of lignification {unknown}
 u - a potion of flight
 z - a potion of attraction {unknown}


   Skills:
 - Level 3.0 Fighting
 - Level 1.8 Long Blades
 * Level 2.0 Polearms
 - Level 4.0 Crossbows
 - Level 3.0 Dodging
 + Level 0.8 Stealth
 * Level 1.7 Shields
 + Level 4.0 Spellcasting
 - Level 3.0 Invocations


You couldn't memorise any spells.
You knew the following spells:

 Your Spells              Type           Power      Damage    Failure   Level
a - Corona                Hex            18%        N/A       2%          1
b - Lesser Beckoning      Tloc           8%         N/A       7%          3
c - Inner Flame           Hex/Fire       17%        N/A       7%          3
d - Portal Projectile     Hex/Tloc       34%        N/A       7%          3
e - Cause Fear            Hex            8%         N/A       22%         4
f - Leda's Liquefaction   Hex/Erth       8%         N/A       22%         4
g - Shock                 Conj/Air       68%        1d7       2%          1
h - Blink                 Tloc           N/A        N/A       3%          2
s - Slow                  Hex            17%        N/A       3%          2
Your spell library was empty.

Dungeon Overview and Level Annotations

Branches:
Dungeon (6/15)             Temple (0/1) D:5

Altars:
Ashenzari
Dithmenos
Elyvilon
Makhleb
Wu Jian
The Shining One
Lugonu

Shops:
D:1 ?   D:4 :

Annotations:
D:3 4 runed translucent doors, Analysis's ghost, amateur MfGl; Crazy Yiuf
D:5 exclusions: centaur and 2 more exclusions, Edmund
D:6 exclusion: ice beast


Innate Abilities, Weirdness & Mutations

You are immune to sickness and miasma.
You are immune to poison.
Your flesh is very heat resistant. (rF++)
You are vulnerable to cold. (rC-)
You float through the air rather than walking.
You learn spells naturally, not from books.
Your magical power is your life essence.
You have superior vitality. (+4 HP)


Message History

Casting: Corona (safe; 2% risk of failure)
Confirm with . or Enter, or press ? or * to list all spells.
Aiming: Slow (safe; 3% risk of failure)
Press: ? - help, Shift-Dir - straight line, f - acid dragon, p - ice beast
Aim: an acid dragon (wandering, hasn't noticed you, chance to affect: 54%)
Okay, then.
Press: ? - help, v - describe, . - travel
Here: an acid dragon (wandering, hasn't noticed you)
An open door.
Casting: Slow (safe; 3% risk of failure)
Confirm with . or Enter, or press ? or * to list all spells.
The spell is quite dangerous to cast (22% risk of failure)!
Continue anyway?
You miscast Cause Fear.
You are very lightly contaminated with residual magic.
Nothing appears to happen.
The acid dragon roars!
The acid dragon bites you.
The acid dragon claws you but does no damage.
Unknown command.
You hit the acid dragon.
The acid dragon is moderately wounded.
The acid dragon bites you!
The acid dragon claws you but does no damage.
You hit the acid dragon.
The acid dragon is moderately wounded.
The acid dragon bites you. The acid dragon claws you.
Casting: Cause Fear (quite dangerous; 22% risk of failure)
Confirm with . or Enter, or press ? or * to list all spells.
The spell is quite dangerous to cast (22% risk of failure)!
Continue anyway?
You miscast Cause Fear.
Strange energies run through your body.
You feel yourself slow down. The acid dragon spits acid at you.
The splash of acid hits you!
You are splashed with acid!
* * * LOW HITPOINT WARNING * * *
Unknown command.
It was a potion of flight.
You feel more buoyant. The acid dragon closely misses you.
You block the acid dragon's attack. The acid dragon bites you!
You die...

#..# #......# #. ##.#
#<.....# #.
#.######......# #.
#..÷..........# #.
#..######.##..#######
#..#§≈§≈#.##.>.......
#.Y#≈>§§#.###########
#..#≈..§#.#
#.YD@≈§§#.#
#((######.#
#(........#
###########


You could see an acid dragon (catching breath) and an ice beast.

Vanquished Creatures
  Menkaure (D:6)
  An orc warrior (D:5)
  A phantom (D:5)
  2 scorpions
  A water moccasin skeleton (D:4)
  A hound (D:5)
  A gnoll shaman (D:6)
  An orc priest (D:5)
  3 iron imps (D:4)
  2 iguanas
  2 orc wizards
  2 hound skeletons
  3 gnolls (D:6)
  6 adders
  A white imp (D:5)
  An ufetubus (D:5)
  A worm (D:4)
  2 dart slugs
  9 orcs (D:5)
  3 bats (D:1)
  6 endoplasms
  3 giant cockroaches
  3 goblins
  6 hobgoblins
  12 jackals
  4 quokkas
  8 ball pythons
  5 frilled lizards
  7 kobolds
  2 rats
100 creatures vanquished.

Vanquished Creatures (others)
  3 demonic plants (D:1)
  3 fungi (D:3)
  A plant (D:3)
  4 toadstools (D:1)
  A withered plant (D:1)
12 creatures vanquished.

Grand Total: 112 creatures vanquished

Notes
Turn   | Place    | Note
-------+----------+-------------------------------------------
     0 | D:1      | 4Hooves2Appendages the Djinni Arcane Marksman began the
                  | quest for the Orb.
     0 | D:1      | Reached XP level 1. HP: 17/17 MP: 0/0
   275 | D:1      | Reached XP level 2. HP: 21/22 MP: 0/0
   413 | D:1      | Found a faded altar of an unknown god.
   432 | D:1      | Became a worshipper of Lugonu the Unformed
   432 | D:1      | Reached * piety under Lugonu
   432 | D:1      | Reached ** piety under Lugonu
  1120 | D:1      | Found Ocsanyaj's Magic Scroll Boutique.
  1126 | D:1      | Reached XP level 3. HP: 26/27 MP: 0/0
  1126 | D:1      | Learned a level 1 spell: Shock
  2176 | D:2      | Reached XP level 4. HP: 30/32 MP: 0/0
  2874 | D:2      | Reached *** piety under Lugonu
  3049 | D:1      | Bought a scroll of teleportation for 30 gold pieces
  3049 | D:1      | Bought a scroll of teleportation for 30 gold pieces
  3210 | D:3      | Found a glowing golden altar of the Shining One.
  3530 | D:3      | Found a broken altar of Ashenzari.
  3596 | D:3      | Found a shadowy altar of Dithmenos.
  3625 | D:3      | Reached skill level 1 in Invocations
  3625 | D:3      | Reached XP level 5. HP: 34/37 MP: 0/0
  3625 | D:3      | Learned a level 2 spell: Blink
  3833 | D:3      | Found a runed translucent gate.
  3835 | D:3      | Found a runed translucent gate.
  3835 | D:3      | Found a runed translucent gate.
  3844 | D:3      | Noticed Analysis's ghost (amateur MfGl)
  3844 | D:3      | Noticed a kobold brigand
  3932 | D:3      | Found a runed translucent door.
  3933 | D:3      | Noticed Crazy Yiuf
  4252 | D:4      | Reached XP level 6. HP: 31/43 MP: 0/0
  4830 | D:1      | Bought 3 scrolls of fog for 60 gold pieces
  5008 | D:4      | Found a burning altar of Makhleb.
  5496 | D:4      | Found Datwifib's Book Boutique.
  6171 | D:4      | Reached XP level 7. HP: 21/49 MP: 0/0
  6171 | D:4      | Learned a level 3 spell: Lesser Beckoning
  6540 | D:5      | Entered Level 5 of the Dungeon
  6808 | D:5      | Reached skill level 1 in Long Blades
  7064 | D:5      | Found a staircase to the Ecumenical Temple.
  7723 | D:5      | Reached skill level 1 in Polearms
  8166 | D:5      | Reached XP level 8. HP: 55/55 MP: 0/0
  8187 | D:5      | Found a white marble altar of Elyvilon.
  8218 | D:5      | Reached **** piety under Lugonu
  8314 | D:5      | Noticed Edmund
  8508 | D:6      | Noticed Menkaure
  8516 | D:6      | Killed Menkaure
  8517 | D:6      | Reached skill level 1 in Shields
  8574 | D:6      | Found an ornate altar of the Wu Jian Council.
  8609 | D:6      | Noticed a wraith
  8832 | D:5      | HP: 1/56 [acid (17)]
  8833 | D:5      | Mangled by an acid dragon

Illustrated notes

Levels and vault maps discovered:
D:1:      ldierk_walled_garden_2, layout_basic, serial_shops, shop,
          shapermc_ecumenical_altar_gd
D:2:      layout_basic, minmay_misc_feat_rugged
D:3:      kennysheep_big_flooded_room, layout_rooms,
          nicolae_dithmenos_shadow_blocks, nicolae_overflow_hidden_temple,
          gammafunk_ghost_nasty_kobolds, uniq_crazy_yiuf_cottage
D:4:      layout_basic, demons_altar, serial_shops, shop, minmay_pentangle
D:5:      layout_basic, general_overflow_altar, minmay_temple_entry_tees,
          uniq_edmund
D:6:      layout_cave_pods, nicolae_overflow_crystal_walls,
          kennysheep_mini_moat, st_stairs_2, uniq_menkaure

Skill      XL: |  1  2  3  4  5  6  7  8 |
---------------+-------------------------+-----
Crossbows      | 2 3 4 |  4.0
Invocations    | 1 3 |  3.0
Spellcasting   | 3 4 |  4.0
Fighting       | 2 3 |  3.0
Long Blades    | 1 |  1.8
Dodging        | 3 |  3.0
Polearms       | 1 2 |  2.0
Shields        | 1 |  1.7
Stealth        | |  0.8

Action                   |  1- 3 |  4- 6 |  7- 9 || total
-------------------------+-------+-------+-------++-------
Melee: Whip              |    47 |    14 |       ||    61
       Long sword        |       |    19 |       ||    19
       Spear             |       |     8 |       ||     8
       Trident           |       |       |    64 ||    64
 Fire: Hand crossbow     |    26 |    29 |    18 ||    73
Throw: Stone             |    21 |    46 |    26 ||    93
       Dart              |       |     2 |     9 ||    11
 Cast: Corona            |    26 |    19 |     9 ||    54
       Shock             |    24 |    71 |    26 ||   121
       Slow              |       |    19 |    28 ||    47
       Inner Flame       |       |     3 |     8 ||    11
       Cause Fear        |       |       |     2 ||     2
       Portal Projectile |       |       |     1 ||     1
  Use: Potion            |     1 |     1 |     2 ||     4
 Stab: Sleeping          |     1 |       |       ||     1
Armor: Robe              |    23 |    12 |       ||    35
       Leather armour    |       |       |    15 ||    15
Dodge: Dodged            |    53 |    27 |    50 ||   130
Block: Buckler           |       |       |     5 ||     5
       Rpst.: Long sword |       |     3 |     1 ||     4

Table legend: (Time is in decaauts)
 A = Elapsed time spent in this place.
 B = Non-inter-level travel time spent in this place.
 C = Inter-level travel time spent in this place.
 D = Time resting spent in this place.
 E = Time spent auto-exploring this place.
 F = Levels seen in this place.
 G = Mean time per level.
                   A        B        C        D        E       F      G
               +--------+--------+--------+--------+--------+-----+--------+
         Total |   8883 |   8137 |    746 |   1700 |   4558 |   6 | 1480.5 |
       Dungeon |   8883 |   8137 |    746 |   1700 |   4558 |   6 | 1480.5 |
               +--------+--------+--------+--------+--------+-----+--------+

Top non-repeatable levels by time:
     D:4: 2239 daAuts
     D:5: 1883 daAuts
     D:1: 1815 daAuts
     D:3: 1421 daAuts
     D:2: 1402 daAuts
     D:6: 121 daAuts
